 Dungeon Sprint DCSS version 0.31-a0-920-g28cbb04a8c (webtiles) character file.

Game seed: 11149529818705173400

710 sircluck the Grappler (level 7, 0/121 HPs)
             Began as a Troll Berserker on Oct 17, 2023.
             Was a High Priest of Trog.
             Slain by an orc
             ... wielding a +0 whip
              (5 damage)
             ... in the Dungeon (Sprint VII: "The Pits").
             The game lasted 00:00:43 (267 turns).

sircluck the Grappler (Troll Berserker)              Turns: 267, Time: 00:00:44

Health: 0/121      AC:  4    Str: 28    XL:     7   Next: 40%
Magic:  6/6        EV: 12    Int:  3    God:    Trog [*****.]
Gold:   0          SH:  0    Dex:  9    Spells: 6/6 levels left

rFire   . .          .
                       - Unarmed
rCold   . . .        (no shield)
rNeg    . . .        a - +0 animal skin
rPois   .            (helmet restricted)
rElec   .            (no cloak)
rCorr   .            (gloves unavailable)
SInv    .            (boots unavailable)
Will    .....        (no amulet) Stlth
                     (no ring)
HPRegen 1.20/turn    (no ring)
MPRegen 0.10/turn

%: no teleportation
@: berserking (expiring), very quick
A: large, unfitting armour, claws 3, regeneration 1, shaggy fur 1, tough skin 1
a: Renounce Religion, Berserk, Trog's Hand, Brothers in Arms


You were in the Dungeon.
You worshipped Trog.
Trog was extremely pleased with you.
You visited 1 branch

Inventory:

Armour
 a - a +0 animal skin (worn)
Wands
 k - a wand of roots (8)
Scrolls
 g - a scroll of blinking
 i - 2 scrolls of vulnerability
 j - a scroll of butterflies
Potions
 b - 6 potions of curing
 c - 6 potions of heal wounds
 d - a potion of haste
 e - 4 potions of magic
 f - 3 potions of berserk rage
 h - 2 potions of invisibility


   Skills:
 + Level 8.4 Fighting
 + Level 8.3 Dodging
 + Level 9.9 Unarmed Combat


You had 6 spell levels left.
You didn't know any spells.
Your spell library was empty.

Dungeon Overview and Level Annotations

Branches:
Dungeon (1/1)

Altars:
Ashenzari
Cheibriados
Dithmenos
Elyvilon
Fedhas
Gozag
Hepliaklqana
Kikubaaqudgha
Makhleb
Nemelex Xobeh
Okawaru
Qazlal
Ru
Sif Muna
Trog
Uskayaw
Vehumet
Wu Jian
Xom
Yredelemnul
Zin
The Shining One
Jiyva
Lugonu


Innate Abilities, Weirdness & Mutations

You are too large for most types of armour.
You have claws for hands.
Your natural rate of healing is unusually fast.
You are covered in fur. (AC +1)
You have tough skin. (AC +1)


Message History

The orc barely misses you.
There is a broken door, spattered with blood here.
You see here a +0 trident.
You mangle the acid dragon!!
The acid dragon is almost dead.
The orc hits you with a +0 club.
* * * LOW HITPOINT WARNING * * *
The orc hits you with a +0 whip.
* * * LOW HITPOINT WARNING * * *
The acid dragon spits acid at you. The splash of acid hits you!
* * * LOW HITPOINT WARNING * * *
You barely miss the acid dragon.
The acid dragon is almost dead.
Unknown command.
You scratch the acid dragon.
The acid dragon is almost dead.
The acid dragon misses you. The acid dragon completely misses you.
The orc closely misses you. The orc barely misses you.
Unknown command.
You closely miss the acid dragon.
The acid dragon is almost dead.
Unknown command.
You closely miss the acid dragon.
The acid dragon is almost dead.
The orc hits you with a +0 whip.
* * * LOW HITPOINT WARNING * * *
The acid dragon misses you. The acid dragon claws you.
* * * LOW HITPOINT WARNING * * *
The orc hits you with a +0 club.
* * * LOW HITPOINT WARNING * * *
You barely miss the acid dragon.
The acid dragon is almost dead.
You are no longer corroded.
Unknown command.
You mangle the acid dragon!!
You kill the acid dragon!
Trog accepts your kill. The orc closely misses you.
The orc hits you with a +0 whip.
You die...

#.####'##'###...<...#
#.#.†.†....##.......#
#.#........##.......#
#'###########.......#
#.......# #########
#.......# #####
#...#...# ....#
#..###..#+#o...#
#...#...#.@o...+
#.......#'#o...#
#.......).#....#
################


You could see 3 orcs.

Vanquished Creatures
  A merfolk (D)
  A flying skull (D)
  An acid dragon (D)
  A floating eye (D)
  An ogre (D)
  A scorpion (D)
  A jelly (D)
  An orc priest (D)
  Ijyb (D)
  A gnoll (D)
  2 orcs (D)
  An endoplasm (D)
  A kobold (D)
  A bat (D)
  3 frilled lizards (D)
  A giant cockroach zombie (D)
  A quokka zombie (D)
  A rat (D)
21 creatures vanquished.

Notes
Turn   | Place    | Note
-------+----------+-------------------------------------------
     0 | D        | sircluck the Troll Berserker began the quest for the Orb.
     0 | D        | Reached XP level 1. HP: 22/22 MP: 0/0
    20 | D        | Found a bloodstained altar of Trog.
    20 | D        | Found a shimmering blue altar of Sif Muna.
    20 | D        | Found a viscous altar of Jiyva.
    20 | D        | Found a hazy altar of Hepliaklqana.
    20 | D        | Found an opulent altar of Gozag.
    21 | D        | Found a glowing golden altar of the Shining One.
    21 | D        | Found a glowing silver altar of Zin.
    21 | D        | Found a basalt altar of Yredelemnul.
    21 | D        | Found a shimmering altar of Xom.
    21 | D        | Found an ornate altar of the Wu Jian Council.
    21 | D        | Found a sacrificial altar of Ru.
    21 | D        | Found a stormy altar of Qazlal.
    21 | D        | Found an iron altar of Okawaru.
    21 | D        | Found a sparkling altar of Nemelex Xobeh.
    21 | D        | Found a burning altar of Makhleb.
    21 | D        | Found a blossoming altar of Fedhas.
    21 | D        | Found a white marble altar of Elyvilon.
    21 | D        | Found a shadowy altar of Dithmenos.
    21 | D        | Found a snail-covered altar of Cheibriados.
    24 | D        | Found a corrupted altar of Lugonu.
    24 | D        | Found a radiant altar of Vehumet.
    25 | D        | Found an ancient bone altar of Kikubaaqudgha.
    25 | D        | Found a hide-covered altar of Uskayaw.
    25 | D        | Found a broken altar of Ashenzari.
    58 | D        | Noticed a floating eye
    62 | D        | Killed a floating eye
    63 | D        | Reached skill level 5 in Fighting
    63 | D        | Reached skill level 6 in Unarmed Combat
    63 | D        | Reached XP level 2. HP: 31/35 MP: 1/1
    63 | D        | Reached XP level 3. HP: 37/42 MP: 2/2
    63 | D        | Reached XP level 4. HP: 44/50 MP: 3/3
    65 | D        | Reached ** piety under Trog
    66 | D        | Reached skill level 5 in Dodging
    91 | D        | Noticed a scorpion
    98 | D        | Killed a scorpion
    98 | D        | Reached *** piety under Trog
    99 | D        | Reached XP level 5. HP: 41/59 MP: 4/4
   162 | D        | Noticed an ogre
   174 | D        | Killed an ogre
   175 | D        | Reached skill level 7 in Unarmed Combat
   178 | D        | Reached **** piety under Trog
   187 | D        | Noticed Ijyb
   199 | D        | Reached skill level 8 in Unarmed Combat
   199 | D        | Reached XP level 6. HP: 54/68 MP: 5/5
   203 | D        | Killed Ijyb
   203 | D        | Reached ***** piety under Trog
   215 | D        | Noticed a flying skull
   218 | D        | Killed a flying skull
   219 | D        | Reached skill level 9 in Unarmed Combat
   242 | D        | Noticed an acid dragon
   242 | D        | Noticed a merfolk
   259 | D        | Killed a merfolk
   260 | D        | Reached XP level 7. HP: 35/81 MP: 6/6
   265 | D        | HP: 4/121 [orc/+0 club (5)]
   267 | D        | Slain by an orc

Illustrated notes

Levels and vault maps discovered:
D:        pitsprint [storerooms_1, entrance_room_1, metal_vault_1, armoury_2,
          mini_pit_1, grid_room_1, main_hall_1, silver_pit, the_coven_3,
          the_vestibule_1, steel_vault_2, golden_pit, hallway_of_sentries,
          crystal_vault_5, iron_vault_2, final_vault]

Skill      XL: |  1  2  3  4  5  6 |
---------------+-------------------+-----
Fighting       | 5 6 8 |  8.4
Dodging        | 4 5 6 8 |  8.3
Unarmed Combat | 6 8 9 |  9.9

Action                     |  1- 3 |  4- 6 |  7- 9 || total
---------------------------+-------+-------+-------++-------
  Melee: Unarmed           |     4 |    52 |     7 ||    63
         Punch             |       |     1 |       ||     1
 Invoke: Berserk           |       |     1 |       ||     1
 Armour: Animal skin       |     2 |    24 |     8 ||    34
  Dodge: Dodged            |     2 |    23 |     9 ||    34

Table legend: (Time is in decaauts)
 A = Elapsed time spent in this place.
 B = Non-inter-level travel time spent in this place.
 C = Inter-level travel time spent in this place.
 D = Time resting spent in this place.
 E = Time spent auto-exploring this place.
 F = Levels seen in this place.
 G = Mean time per level.
                   A        B        C        D        E       F      G
               +--------+--------+--------+--------+--------+-----+--------+
         Total |    252 |    252 |      0 |      0 |    105 |   1 |  252.0 |
       Dungeon |    252 |    252 |      0 |      0 |    105 |   1 |  252.0 |
               +--------+--------+--------+--------+--------+-----+--------+

Top non-repeatable levels by time:
       D: 252 daAuts
